 Dungeon Crawl Stone Soup version 0.27-a0-380-g150de4c316 (webtiles) character file.

Game seed: 14589819609288716407

27164 mobinator the Bludgeoner (level 13, 0/127 HPs)
             Began as a Minotaur Berserker on Feb 18, 2021.
             Was a High Priest of Trog.
             Succumbed to Sonja's curare-tipped dart
             ... on level 12 of the Dungeon.
             The game lasted 01:14:46 (11899 turns).

mobinator the Bludgeoner (Minotaur Berserker)      Turns: 11899, Time: 01:14:47

Health: 0/127      AC: 21    Str: 28    XL:     13   Next: 2%
Magic:  12/12      EV:  9    Int:  4    God:    Trog [*****.]
Gold:   851        SH:  0    Dex: 12    Spells: 12/12 levels left

rFire    + . .     SeeInvis +   c - +3 dire flail (flame)
rCold    . . .     Faith    .   (shield currently unavailable)
rNeg     . . .     Spirit   .   w - +0 plate armour
rPois    .         Reflect  .   (helmet restricted)
rElec    .         Harm     .   I - +2 cloak
rCorr    .         Rampage  .   Q - +0 pair of gloves
Will     ++...                  (no boots)
Stlth    ..........             C - amulet of regeneration
HPRegen  1.31/turn              U - ring of protection from fire
MPRegen  0.13/turn              S - ring "Seenitwaimo" {*Drain Will++ Str+3 SInv}

@: lethally poisoned (0 -> -9), slowed, very slow
A: retaliatory headbutt, horns 2
a: Renounce Religion, Berserk, Trog's Hand, Brothers in Arms


You were on level 12 of the Dungeon.
You worshipped Trog.
Trog was extremely pleased with you.
You visited 1 branch of the dungeon, and saw 14 of its levels.

You collected 851 gold pieces.

Inventory:

Hand Weapons
 a - a +3 great mace
 c - a +3 dire flail of flaming (weapon)
 F - a +7 mace
 W - a +4 vorpal lajatang
 Y - a +1 vorpal morningstar
Armour
 w - a +0 plate armour (worn)
 I - a +2 cloak (worn)
 M - +2 steam dragon scales
 Q - a +0 pair of gloves (worn)
Jewellery
 h - an amulet of reflection
 k - a +6 ring of strength
 u - a +6 ring of intelligence
 C - an amulet of regeneration (around neck)
 S - the ring "Seenitwaimo" (right hand) {*Drain Will++ Str+3 SInv}
   (You found it on level 9 of the Dungeon)

   [ring of see invisible]

   It affects your strength (+3).
   It affects your willpower, your defense against some magical effects.
   It lets you see invisible.
   It causes draining when unequipped.
 U - a ring of protection from fire (left hand)
Wands
 q - a wand of flame (73)
 K - a wand of polymorph (22)
 V - a wand of mindburst (9)
 X - a wand of acid (7)
 Z - a wand of paralysis (6)
Scrolls
 b - a scroll of torment {unknown}
 d - 2 scrolls of noise
 f - 6 scrolls of teleportation
 g - 8 scrolls of identify
 o - a scroll of blinking
 z - 2 scrolls of enchant weapon {unknown}
 A - 2 scrolls of fog
 E - 2 scrolls of immolation
 N - a scroll of random uselessness {unknown}
 O - a scroll of magic mapping {unknown}
 R - a scroll of amnesia {unknown}
Potions
 e - a potion of heal wounds
 i - 2 potions of brilliance
 j - 2 potions of curing
 l - a potion of flight {unknown}
 n - a potion of resistance {unknown}
 p - 2 potions of degeneration
 s - a potion of invisibility {unknown}
 v - a potion of mutation {unknown}
 x - a potion of ambrosia {unknown}
 B - a potion of cancellation {unknown}
 D - a potion of berserk rage {unknown}
 L - 4 potions of lignification
 P - a potion of haste
 T - a potion of attraction {unknown}


   Skills:
 - Level 15.4 Fighting
 * Level 16.0 Maces & Flails
 + Level 12.9 Armour
 - Level 3.6 Dodging


You had 12 spell levels left.
You didn't know any spells.
Your spell library contained the following spells:

 Spells                   Type           Power        Failure   Level
 Animate Skeleton         Necr           0%           98%         1
 Corona                   Hex            0%           98%         1
 Pain                     Necr           0%           98%         1
 Sting                    Tmut/Pois      0%           98%         1
 Ensorcelled Hibernation  Hex/Ice        0%           99%         2
 Poisonous Vapours        Pois/Air       0%           99%         2
 Confusing Touch          Hex            0%           100%        3
 Dazzling Flash           Conj/Hex       0%           100%        3
 Ignite Poison            Fire/Tmut/Pois 0%           100%        3
 Mephitic Cloud           Conj/Pois/Air  0%           100%        3
 Tukima's Dance           Hex            0%           100%        3
 Vampiric Draining        Necr           0%           100%        3
 Animate Dead             Necr           0%           100%        4
 Olgreb's Toxic Radiance  Pois           0%           100%        4
 Agony                    Necr           0%           100%        5


Dungeon Overview and Level Annotations

Branches:
Dungeon (14/15)            Temple (0/1) D:5             Orc (0/2) D:12
 Vaults (0/5) D:13
   Lair: D:8-11

Altars:
Cheibriados
Hepliaklqana
Kikubaaqudgha
Makhleb
Nemelex Xobeh
Okawaru
Qazlal
Ru
Sif Muna
Vehumet
Wu Jian
The Shining One
Beogh

Annotations:
D:11 2 transporters, exclusions: ice statue and 2 oklob plants, tilp's ghost, journeyman OpTm
D:12 Sonja


Innate Abilities, Weirdness & Mutations

You reflexively headbutt those who attack you in melee.
You have a pair of horns on your head.


Message History

Sonja casts a spell.
Sonja blinks!
Sonja hits you but does no damage. Space bends around you.
Sonja hits you but does no damage. Space bends around you.
* * * LOW HITPOINT WARNING * * *
Sonja hits you but does no damage.
You blink.
Sonja throws a curare-tipped dart.
The curare-tipped dart hits you.
You are poisoned.
You have difficulty breathing.
* * * LOW HITPOINT WARNING * * *
You feel as though you will be slow longer.
You feel sick.
Sonja zaps a wand.
Your mind is blasted!
* * * LOW HITPOINT WARNING * * *
As you read the scroll of teleportation, it crumbles to dust.
You feel strangely unstable.
You feel sick.
Sonja throws a curare-tipped dart.
The curare-tipped dart hits you.
You are more poisoned.
You have difficulty breathing.
* * * LOW HITPOINT WARNING * * *
You feel as though you will be slow longer.
Sonja zaps a wand.
You resist with almost no effort.
You feel sick.
Sonja throws a curare-tipped dart.
The curare-tipped dart hits you.
You are more poisoned.
You have difficulty breathing.
* * * LOW HITPOINT WARNING * * *
You feel as though you will be slow longer.
You feel very sick.
Sonja throws a curare-tipped dart.
The curare-tipped dart hits you.
You are lethally poisoned!
You have difficulty breathing.
* * * LOW HITPOINT WARNING * * *
You feel as though you will be slow longer.
Your surroundings suddenly seem different.
* * * LOW HITPOINT WARNING * * *
You feel very sick.
Sonja gestures wildly while chanting.
Sonja blinks!
You see here 20 stones.
You die...

..................###<......##.'.
.################...#.......##.#.
.# ###............#. .#
###.......####. .# ######.......#
#. .# #............# #. .#
#.######.##### ## .#
############)# #...###
#...........@# ###...#
#.........$.(# ###.#
#..........$.# #.#
###......>.....# #.#
.....$.........# ######'###
####...$...$$..# #........###
#......?§...+ #........'.#
#....#.....?...# +........#.#
##.###§K.......# #......).#.≈


There were no monsters in sight!

Vanquished Creatures
  An ogre mage (D:13)
  3 hydras
  8 two-headed ogres
  A centaur warrior (D:13)
  2 tengu warriors (D:13)
  2 unseen horrors
  Pikel (D:5)
  3 ugly things
  2 cyclopes
  Maggie (D:6)
  3 gargoyles
  An efreet (D:13)
  A komodo dragon (D:13)
  3 trolls
  5 slime creatures (D:13)
  Sigmund (D:2)
  A shadow (D:13)
  6 yaks (D:11)
  A wraith (D:12)
  3 vampire mosquitoes (D:12)
  2 soldier ants (D:13)
  A water moccasin (D:5)
  7 orc warriors
  3 ice beasts
  5 sky beasts
  A hornet zombie (D:7)
  A black bear (D:8)
  6 necrophages
  10 ogres
  A lemure (D:5)
  11 centaurs
  A phantom (D:8)
  Blork the orc (D:6)
  A kobold brigand (D:11)
  9 bullfrogs
  A water moccasin zombie (D:8)
  6 scorpions
  15 killer bees
  9 wights
  2 howler monkeys
  An electric eel (D:6)
  4 centaur zombies
  3 bullfrog zombies
  5 hounds
  7 orc priests
  2 centaur skeletons
  2 jellies
  6 bullfrog skeletons
  5 iguanas
  16 orc wizards
  11 worker ants
  A hound zombie (D:8)
  2 hound skeletons
  4 mummies (D:8)
  Robin (D:3)
  A howler monkey skeleton (D:7)
  A howler monkey zombie (D:8)
  11 adders
  A shadow imp (D:7)
  2 white imps
  An ufetubus (D:9)
  2 oozes
  2 adder zombies (D:8)
  An adder skeleton (D:5)
  The ghost of WasteTime5 the Sneak, a weakling DsDe (D:4)
  7 leopard geckos
  50 orcs
  3 giant cockroaches
  11 goblins
  8 hobgoblins
  22 jackals
  2 quokkas (D:10)
  4 bats
  5 frilled lizards
  13 kobolds
  9 rats
369 creatures vanquished.

Vanquished Creatures (others)
  2 plants
  2 withered plants (D:8)
4 creatures vanquished.

Grand Total: 373 creatures vanquished

Notes
Turn   | Place    | Note
-------+----------+-------------------------------------------
     0 | D:1      | mobinator the Minotaur Berserker began the quest for the
                  | Orb.
     0 | D:1      | Reached XP level 1. HP: 19/19 MP: 0/0
    72 | D:1      | Reached skill level 4 in Maces & Flails
   158 | D:1      | Reached XP level 2. HP: 26/26 MP: 1/1
   326 | D:1      | Reached ** piety under Trog
   327 | D:1      | Reached skill level 5 in Maces & Flails
   453 | D:1      | Reached XP level 3. HP: 31/31 MP: 2/2
   880 | D:2      | Found an ornate altar of the Wu Jian Council.
   887 | D:2      | Noticed Sigmund
   894 | D:2      | Killed Sigmund
   895 | D:2      | Reached skill level 7 in Maces & Flails
   895 | D:2      | Reached XP level 4. HP: 39/39 MP: 3/3
   895 | D:2      | Reached XP level 5. HP: 45/45 MP: 4/4
  1449 | D:2      | Found a hazy altar of Hepliaklqana.
  1566 | D:3      | Reached skill level 8 in Maces & Flails
  1600 | D:3      | Noticed Robin
  1614 | D:3      | Killed Robin
  1670 | D:3      | Reached XP level 6. HP: 48/51 MP: 5/5
  1921 | D:3      | Found a radiant altar of Vehumet.
  2025 | D:3      | You fall into a shaft and drop 3 floors!
  2135 | D:6      | Found a snail-covered altar of Cheibriados.
  2173 | D:6      | Reached skill level 9 in Maces & Flails
  2210 | D:6      | Reached *** piety under Trog
  2270 | D:6      | Noticed Blork the orc
  2300 | D:6      | Killed Blork the orc
  2301 | D:6      | Reached XP level 7. HP: 45/57 MP: 6/6
  2469 | D:6      | Reached skill level 10 in Maces & Flails
  2636 | D:5      | Entered Level 5 of the Dungeon
  3102 | D:5      | Found a staircase to the Ecumenical Temple.
  3160 | D:5      | Reached skill level 11 in Maces & Flails
  3255 | D:5      | Reached XP level 8. HP: 35/64 MP: 7/7
  3406 | D:5      | Found a glowing golden altar of the Shining One.
  3443 | D:5      | Noticed Pikel
  3464 | D:5      | Killed Pikel
  3465 | D:5      | Reached skill level 12 in Maces & Flails
  3651 | D:5      | Reached skill level 13 in Maces & Flails
  3718 | D:5      | Found a stormy altar of Qazlal.
  3721 | D:5      | Noticed an air elemental
  4312 | D:4      | Found an ancient bone altar of Kikubaaqudgha.
  4518 | D:4      | Found a runed translucent gate.
  4526 | D:4      | Found a runed translucent gate.
  4526 | D:4      | Noticed WasteTime5's ghost (weakling DsDe)
  4527 | D:4      | Found a runed translucent gate.
  4531 | D:4      | Found a roughly hewn altar of Beogh.
  4545 | D:4      | Found an iron altar of Okawaru.
  4775 | D:4      | Found a burning altar of Makhleb.
  4870 | D:4      | Reached XP level 9. HP: 72/72 MP: 8/8
  5063 | D:4      | Reached **** piety under Trog
  5068 | D:4      | Killed WasteTime5's ghost
  6197 | D:6      | Noticed Maggie
  6208 | D:6      | Killed Maggie
  6729 | D:7      | Found a sacrificial altar of Ru.
  6986 | D:8      | Found a sparkling altar of Nemelex Xobeh.
  7055 | D:8      | Reached skill level 10 in Armour
  7112 | D:8      | Found a shimmering blue altar of Sif Muna.
  7137 | D:8      | Reached XP level 10. HP: 80/80 MP: 9/9
  7162 | D:8      | Reached skill level 5 in Fighting
  7167 | D:8      | Reached ***** piety under Trog
  7665 | D:9      | Found a sparkling altar of Nemelex Xobeh.
  8088 | D:9      | Got a sparkling amber ring
  8090 | D:9      | Identified the ring "Seenitwaimo" {*Drain Will++ Str+3
                  | SInv} (You found it on level 9 of the Dungeon)
  8411 | D:10     | Entered Level 10 of the Dungeon
  8437 | D:10     | Found a flagged portal.
  8440 | D:10     | Received a gift from Trog
  8563 | D:10     | Noticed a two-headed ogre
  8571 | D:10     | Killed a two-headed ogre
  8572 | D:10     | Reached skill level 10 in Fighting
  9125 | D:11     | Noticed an unseen horror
  9139 | D:11     | Killed an unseen horror
  9140 | D:11     | Reached XP level 11. HP: 96/102 MP: 10/10
  9183 | D:11     | Noticed a brown ugly thing
  9197 | D:11     | Killed a brown ugly thing
  9237 | D:11     | Reached skill level 14 in Maces & Flails
  9273 | D:11     | Found a transporter.
  9280 | D:11     | Noticed a two-headed ogre
  9290 | D:11     | Killed a two-headed ogre
  9291 | D:11     | Noticed a deep elf pyromancer
  9339 | D:11     | Found a transporter.
  9340 | D:11     | Noticed tilp's ghost (journeyman OpTm)
  9340 | D:11     | Noticed an oklob plant
  9395 | D:11     | Noticed a five-headed hydra
  9412 | D:11     | Killed a five-headed hydra
  9552 | D:11     | Reached skill level 15 in Maces & Flails
  9582 | D:11     | Noticed an unseen horror
  9594 | D:11     | Noticed an oklob plant
  9601 | D:11     | Noticed a cyan ugly thing
  9609 | D:11     | Killed a cyan ugly thing
  9643 | D:11     | You fall into a shaft and drop 2 floors!
  9724 | D:13     | Noticed a six-headed hydra
  9737 | D:13     | Killed a six-headed hydra
  9910 | D:13     | Received a gift from Trog
  9961 | D:13     | Reached skill level 16 in Maces & Flails
  9964 | D:13     | Reached XP level 12. HP: 71/113 MP: 11/11
  9987 | D:13     | Noticed a two-headed ogre
  9992 | D:13     | Noticed a two-headed ogre
  9996 | D:13     | Killed a two-headed ogre
 10004 | D:13     | Killed a two-headed ogre
 10036 | D:13     | Noticed an ogre mage
 10050 | D:13     | Noticed a two-headed ogre
 10057 | D:13     | Killed an ogre mage
 10064 | D:13     | Killed a two-headed ogre
 10092 | D:13     | Found a gate to the Vaults.
 10447 | D:13     | Noticed a centaur warrior
 10460 | D:13     | Killed a centaur warrior
 10629 | D:13     | Found a glowing golden altar of the Shining One.
 10696 | D:13     | Noticed a two-headed ogre
 10701 | D:13     | Killed a two-headed ogre
 11344 | D:14     | Noticed a tengu warrior
 11344 | D:14     | Noticed a tengu warrior
 11344 | D:14     | Noticed a centaur warrior
 11372 | D:13     | Killed a tengu warrior
 11379 | D:13     | Killed a tengu warrior
 11380 | D:13     | Reached skill level 15 in Fighting
 11572 | D:12     | Noticed a two-headed ogre
 11576 | D:12     | Killed a two-headed ogre
 11719 | D:12     | Noticed a two-headed ogre
 11723 | D:12     | Killed a two-headed ogre
 11771 | D:12     | Noticed a six-headed hydra
 11779 | D:12     | Killed a six-headed hydra
 11780 | D:12     | Reached XP level 13. HP: 115/127 MP: 12/12
 11855 | D:12     | Found a staircase to the Orcish Mines.
 11855 | D:12     | Noticed Sonja
 11864 | D:12     | Received a gift from Trog
 11897 | D:12     | HP: 5/127 [asphyx]
 11898 | D:12     | HP: 2/127 [poisoned by Sonja (curare-tipped dart)]
 11899 | D:12     | Succumbed to Sonja's curare-tipped dart

Illustrated notes

Levels and vault maps discovered:
D:1:      minmay_arrival_four_loops, layout_basic
D:2:      layout_rooms, pdpol_wu_jian_five_deadly_venoms,
          nzn_hepliaklqana_mist_gate, lemuel_another_geyser, uniq_sigmund
D:3:      layout_loops_corners, vehumet_crystals, due_unseen_surprise,
          uniq_robin
D:4:      layout_loops_corners, okawaru_trees_1, makhleb_blood_cavern_becter,
          overflow_temple_1_default, biasface_ghost_orc_armoury,
          minmay_misc_feat_chi
D:5:      layout_loops_ring, nicolae_qazlal_style_of_elements, kennysheep_mini,
          minmay_temple_entry_statues_fountains, gup_sewer_entry_bowl,
          uniq_pikel
D:6:      layout_rooms, nicolae_overflow_crystal_walls, minivault_4,
          uniq_blork_the_orc, uniq_maggie
D:7:      layout_rooms, nicolae_ru_the_path_less_chosen
D:8:      layout_basic, serial_undead, serial_undead_b, serial_undead_d,
          serial_undead_f, serial_undead_c, serial_undead_b, serial_undead_d,
          basic_altar, nemelex_dance_club_becter
D:9:      layout_irregular_city, nemelex_xobeh_ov_fountains_minmay,
          hangedman_decor_push
D:10:     layout_basic, enter_bailey_5
D:11:     layout_cave_pools, dpeg_oklobed_lair, nzn_ghost_randoct
D:12:     layout_roguey, orc_david_3, chequers_serial_rivers_micro_e, uniq_sonja
D:13:     layout_layer_cave, david_vaults_2, basic_altar
D:14:     layout_roguey, nicolae_dithmenos_through_a_glass_darkly, serial_shops,
          nicolae_shop_window_shopping

Skill      XL: |  1  2  3  4  5  6  7  8  9 10 11 12 |
---------------+-------------------------------------+-----
Maces & Flails | 4 5 7 8 9 11 13 16 | 16.0
Fighting       | 4 11 12 15 | 15.4
Armour         | 3 10 11 12 | 12.9
Dodging        | 3 |  3.6

Action                   |  1- 3 |  4- 6 |  7- 9 | 10-12 | 13-15 || total
-------------------------+-------+-------+-------+-------+-------++-------
Melee: Mace              |    48 |    96 |   205 |   387 |       ||   736
       Headbutt          |    11 |    14 |    74 |   146 |     2 ||   247
       Whip              |       |       |   123 |       |       ||   123
       Morningstar       |       |       |       |   143 |       ||   143
       Great mace        |       |       |       |    33 |    14 ||    47
       Dire flail        |       |       |       |       |     2 ||     2
Invok: Berserk           |     1 |     2 |     2 |     5 |       ||    10
Evoke: Wand              |       |       |     1 |       |       ||     1
  Use: Potion            |       |     1 |     1 |       |     2 ||     4
       Scroll            |       |       |     3 |     5 |     1 ||     9
Armor: Animal skin       |     1 |       |       |       |       ||     1
       Scale mail        |    20 |     7 |       |       |       ||    27
       Chain mail        |       |    43 |    20 |       |       ||    63
       Plate armour      |       |       |   100 |   321 |    15 ||   436
Dodge: Dodged            |    32 |    40 |   100 |   221 |    11 ||   404

Table legend: (Time is in decaauts)
 A = Elapsed time spent in this place.
 B = Non-inter-level travel time spent in this place.
 C = Inter-level travel time spent in this place.
 D = Time resting spent in this place.
 E = Time spent auto-exploring this place.
 F = Levels seen in this place.
 G = Mean time per level.
                   A        B        C        D        E       F      G
               +--------+--------+--------+--------+--------+-----+--------+
         Total |  11764 |  11084 |    680 |    740 |   8216 |  14 |  840.3 |
       Dungeon |  11764 |  11084 |    680 |    740 |   8216 |  14 |  840.3 |
               +--------+--------+--------+--------+--------+-----+--------+

Top non-repeatable levels by time:
    D:13: 1792 daAuts
     D:5: 1369 daAuts
     D:4: 1251 daAuts
     D:6: 1072 daAuts
     D:3: 906 daAuts
     D:2: 875 daAuts
     D:1: 843 daAuts
     D:9: 749 daAuts
     D:8: 691 daAuts
    D:10: 676 daAuts
     D:7: 610 daAuts
    D:11: 497 daAuts
    D:12: 424 daAuts
    D:14: 4 daAuts
